 Dungeon Crawl Stone Soup version 0.23-a0-143-g1adec7b (webtiles) character file.

908 Amnesiac the Insei (level 7, -3/52 HPs)
             Began as a Mummy Monk on Sept 3, 2018.
             Slain by an ogre
             ... wielding a +0 giant club
              (22 damage)
             ... on level 6 of the Dungeon.
             The game lasted 00:19:44 (8926 turns).

Amnesiac the Insei (Mummy Monk)                     Turns: 8926, Time: 00:19:45

Health: -3/52      AC:  4    Str: 14    XL:     7   Next: 81%
Magic:  7/7        EV: 14    Int:  9    God:
Gold:   208        SH:  0    Dex: 17    Spells: 6/6 levels left

rFire    x . .     SeeInvis .     - Unarmed
rCold    + . .     Gourm    .   (no shield)
rNeg     + + +     Faith    .   (no armour)
rPois    ∞         Spirit   .   c - +0 helmet
rElec    .         Reflect  .   (no cloak)
rCorr    .         Harm     .   (no gloves)
MR       .....                  k - +2 pair of boots
Stlth    ++++......             (no amulet)
HPRegen  0.17/turn              a - ring of stealth
MPRegen  0.10/turn              e - ring of stealth

@: no status effects
A: no food or potions, fire vulnerability, cold resistance 1, negative energy
resistance 3, torment resistance, unbreathing
a: no special abilities


You were on level 6 of the Dungeon.
You were not hungry.

You visited 1 branch of the dungeon, and saw 6 of its levels.

You collected 208 gold pieces.

Inventory:

Hand Weapons
 i - a +0 giant club (quivered)
Armour
 c - a +0 helmet (worn)
 k - a +2 pair of boots (worn)
Jewellery
 a - a ring of stealth (left hand)
 e - a ring of stealth (right hand)
 m - an uncursed amulet of harm {unknown}
Scrolls
 b - 5 scrolls of teleportation {!r}
 d - 5 scrolls of identify {!r}
 f - a scroll of blinking {!r}
 g - 4 scrolls of remove curse {!r}
 h - 2 scrolls of fear {!r}
 j - a scroll of fog {!r}
 l - a scroll of torment {!r}


   Skills:
 - Level 3.0 Fighting
 + Level 4.2 Dodging
 - Level 1.5 Stealth
 - Level 7.0 Unarmed Combat


You had 6 spell levels left.
You didn't know any spells.
Your spell library was empty.

Dungeon Overview and Level Annotations

Branches:
Dungeon (6/15)             Temple (0/1) D:4

Altars:
Gozag
Wu Jian
Xom

Annotations:
D:2 nht's ghost, amateur MiHu
D:4 Crazy Yiuf


Innate Abilities, Weirdness & Mutations

You do not eat or drink.
Your flesh is vulnerable to fire.
You are immune to poison.
Your flesh is cold resistant. (rC+)
You are immune to negative energy. (rN+++)
You are immune to unholy pain and torment.
You can survive without breathing.


Message History

You see here a lumpy emerald amulet.
n - a lumpy emerald amulet You drop a lumpy emerald amulet.
The iguana bites you!
You closely miss the iguana. You hit the iguana. You punch the iguana.
The iguana is heavily wounded.
The iguana closely misses you.
You barely miss the iguana.
The iguana is heavily wounded.
The iguana misses you.
You hit the iguana but do no damage.
The iguana is heavily wounded.
The iguana closely misses you.
You hit the iguana.
The iguana is severely wounded.
The iguana completely misses you.
You hit the iguana but do no damage.
The iguana is severely wounded.
The iguana barely misses you.
You hit the iguana but do no damage.
The iguana is severely wounded.
The iguana misses you.
You closely miss the iguana.
The iguana is severely wounded.
You barely miss the iguana.
The iguana is severely wounded.
The iguana misses you.
You completely miss the iguana.
The iguana is severely wounded.
The iguana barely misses you.
You punch the iguana!
You kill the iguana!
h - 2 scrolls of fear {!r} (gained 1)
You now have 208 gold pieces (gained 8).
An ogre comes into view. It is wielding a giant club.
An ogre is nearby!
An ogre is nearby!
The ogre shouts!
You hit the ogre.
The ogre is lightly wounded.
The ogre closely misses you.
You barely miss the ogre.
The ogre is lightly wounded.
You barely miss the ogre.
The ogre is lightly wounded.
The ogre barely misses you.
You hit the ogre.
The ogre is lightly wounded.
The ogre hits you with a giant club!
You hit the ogre.
The ogre is moderately wounded.
You hit the ogre but do no damage.
The ogre is moderately wounded.
The ogre hits you with a giant club!
You barely miss the ogre.
The ogre is moderately wounded.
You punch the ogre!
The ogre is severely wounded.
The ogre hits you with a giant club!
* * * LOW HITPOINT WARNING * * *
You hit the ogre.
The ogre is severely wounded.
The ogre hits you with a giant club!!
You die...

..#
..............#####
..##
...............####
...##
#.......#.........##
....##
#.................#
.....##
#............######
......#
#..........###
........
##.........##
........
...........###
.......
.......@.....#
#....##
####...O.......#
...###
#............. .###
#............. .#
#............. .#
#..#........... .#
#..##.#...###### #.
### ###.###


You could see an ogre.

Vanquished Creatures
  2 ogres
  A bullfrog (D:6)
  A scorpion (D:4)
  A howler monkey (D:4)
  2 crimson imps
  2 orc priests
  3 iguanas
  5 worker ants
  An orc wizard (D:5)
  A gnoll (D:5)
  8 river rats (D:5)
  4 adders
  An adder zombie (D:5)
  2 worms
  3 dart slugs
  3 leopard geckos
  13 orcs
  2 ball pythons
  9 bats
  3 giant cockroaches
  2 goblins (D:1)
  6 hobgoblins
  8 jackals
  7 quokkas
  3 frilled lizards
  9 kobolds
  18 rats
120 creatures vanquished.

Notes
Turn   | Place    | Note
-------+----------+-------------------------------------------
     0 | D:1      | Amnesiac the Mummy Monk began the quest for the Orb.
     0 | D:1      | Reached XP level 1. HP: 18/18 MP: 1/1
   428 | D:1      | Reached XP level 2. HP: 20/24 MP: 2/2
   484 | D:1      | Reached skill level 3 in Unarmed Combat
  1124 | D:1      | Reached XP level 3. HP: 18/29 MP: 3/3
  1544 | D:2      | You fall through a shaft for 2 floors!
  1551 | D:4      | Noticed a phantom
  1585 | D:2      | Found a shimmering altar of Xom.
  2417 | D:3      | Found an ornate altar of the Wu Jian Council.
  2431 | D:3      | HP: 1/29 [leopard gecko (4)]
  2648 | D:3      | Reached skill level 4 in Unarmed Combat
  2775 | D:3      | Found a runed gate.
  2775 | D:3      | Found a runed gate.
  2775 | D:3      | Found a runed gate.
  2778 | D:3      | Noticed nht's ghost (amateur MiHu)
  2809 | D:3      | Noticed a big kobold
  3877 | D:4      | Found a staircase to the Ecumenical Temple.
  3894 | D:4      | Reached XP level 4. HP: 35/35 MP: 4/4
  4040 | D:4      | Reached XP level 5. HP: 34/41 MP: 5/5
  4708 | D:4      | Noticed an ogre
  4711 | D:5      | Entered Level 5 of the Dungeon
  4869 | D:4      | Found a runed door.
  5664 | D:5      | Noticed an ogre
  5714 | D:5      | Killed an ogre
  5714 | D:5      | Reached skill level 5 in Unarmed Combat
  5714 | D:5      | Reached XP level 6. HP: 28/47 MP: 6/6
  6621 | D:5      | Reached skill level 6 in Unarmed Combat
  7243 | D:4      | Reached XP level 7. HP: 42/52 MP: 7/7
  7946 | D:4      | Reached skill level 7 in Unarmed Combat
  8167 | D:4      | Noticed Crazy Yiuf
  8808 | D:6      | Found an opulent altar of Gozag.
  8926 | D:6      | Slain by an ogre

Vault maps used:
D:1:      dpeg_arrival_rooms_with_view
D:2:      xom_teletrap_fun
D:3:      overflow_temple_1_default, gammafunk_ghost_nasty_kobolds,
          serial_bayou_pond_c
D:4:      minmay_temple_entry_purple_smoke, uniq_crazy_yiuf_cottage
D:5:      lemuel_ratsnest, first_ration
D:6:      kennysheep_little_box, hangedman_abyss_or_decor_lesser_grid,
          nicolae_qazlal_eye_of_the_storm

Skill      XL: |  1  2  3  4  5  6  7 |
---------------+----------------------+-----
Unarmed Combat | 3 4 5 6 7 |  7.0
Dodging        | 3 4 |  4.2
Fighting       | |  3.0
Stealth        | |  1.5

Action                   |  1- 3 |  4- 6 |  7- 9 || total
-------------------------+-------+-------+-------++-------
Melee: Unarmed           |   198 |   240 |   113 ||   551
       Punch             |     2 |     3 |     3 ||     8
  Use: Scroll            |     8 |     2 |     2 ||    12
 Stab: Sleeping          |     5 |    10 |     2 ||    17
       Distracted        |       |       |     1 ||     1
Armor: Skin              |     3 |    10 |     4 ||    17
Dodge: Dodged            |   147 |   145 |    46 ||   338

Table legend:
 A = Non-vault XP
 B = Vault XP
 C = Vault XP percentage of total XP
 D = Non-vault monster count
 E = Vault monster count
 F = Vault count percentage of total count
                 A         B        C        D         E       F
            +---------+---------+-------+---------+---------+-------
      Total |    1108 |     190 |  14.6 |      84 |      36 |  30.0
            +---------+---------+-------+---------+---------+-------
        D:1 |      48 |       4 |   7.7 |      26 |       2 |   7.1
        D:2 |      13 |       0 |   0.0 |       6 |       0 |   0.0
        D:3 |      26 |       8 |  23.5 |      11 |       5 |  31.2
        D:4 |     553 |       0 |   0.0 |      20 |       0 |   0.0
        D:5 |     275 |     178 |  39.3 |      13 |      29 |  69.0
        D:6 |     193 |       0 |   0.0 |       8 |       0 |   0.0
            +---------+---------+-------+---------+---------+-------
